 Dungeon Crawl Stone Soup version 0.22.1-1-ga44c0e5 (webtiles) character file.

240 harcile the Shield-Bearer (level 6, -7/52 HPs)
             Began as a Hill Orc Fighter on Oct 19, 2018.
             Mangled by an orc
             ... wielding a +1 whip of electrocution
              (17 damage)
             ... on level 3 of the Dungeon.
             The game lasted 00:10:25 (3415 turns).

harcile the Shield-Bearer (Hill Orc Fighter)        Turns: 3415, Time: 00:10:27

Health: -7/52      AC:  8    Str: 19 (20) XL:     6   Next: 8%
Magic:  6/6        EV:  8    Int:  7 (8)  God:
Gold:   95         SH: 13    Dex: 11      Spells: 5/5 levels left

rFire    . . .     SeeInvis .   a - +0 long sword
rCold    . . .     Gourm    .   c - +0 shield
rNeg     . . .     Faith    .   b - +0 scale mail
rPois    .         Spirit   .   (no helmet)
rElec    .         Reflect  +   q - +0 cloak
rCorr    .         Harm     .   (no gloves)
MR       .....                  (no boots)
Stlth    ..........             j - +4 amulet of reflection
HPRegen  0.17/turn              (no ring)
MPRegen  0.10/turn              (no ring)

@: flying
A: no striking features
a: no special abilities


You were on level 3 of the Dungeon.
You were not hungry.

You visited 1 branch of the dungeon, and saw 3 of its levels.

You collected 95 gold pieces.

Inventory:

Hand Weapons
 a - a +0 long sword (weapon)
 o - a +0 long sword
Armour
 b - a +0 scale mail (worn)
 c - a +0 shield (worn)
 q - a +0 cloak (worn)
Jewellery
 j - a +4 amulet of reflection (around neck)
Scrolls
 e - a scroll of enchant weapon {unknown}
 h - 2 scrolls of identify {unknown}
 k - a scroll of enchant armour {unknown}
 m - 2 scrolls of teleportation {unknown}
 p - a scroll of fog {unknown}
Potions
 d - a potion of might
 i - a potion of cancellation {unknown}
 l - a potion of flight
 n - a potion of lignification {unknown}
Comestibles
 f - 4 rations
 g - 4 chunks of flesh


   Skills:
 + Level 4.3 Fighting
 + Level 4.0 Long Blades
 + Level 4.2 Armour
 - Level 1.0 Dodging
 + Level 5.0 Shields


You had 5 spell levels left.
You didn't know any spells.
Your spell library was empty.

Dungeon Overview and Level Annotations

Branches:
Dungeon (3/15)

Altars:

Annotations:
D:3 1 runed door, ThePrince's ghost, amateur FoFi


Message History

An orc is wielding a whip of electrocution.
The frilled lizard hisses angrily.
The orc shouts! x2
You hit the orc.
The orc is lightly wounded.
The orc hits you with a whip of electrocution.
You are electrocuted!
You completely miss the orc.
The orc is lightly wounded.
You block the orc's attack.
You barely miss the orc.
The orc is lightly wounded.
The orc hits you but does no damage.
You are electrocuted!
* * * LOW HITPOINT WARNING * * *
It was a potion of flight.
You feel very buoyant.
You fly up into the air.
The orc hits you with a whip of electrocution.
* * * LOW HITPOINT WARNING * * *
You are electrocuted!
You die...

.................
....##########...
. #..........
#.######... #.#
#.##.#.
#.###.##.##
#.....##.##
.###########
#####....#
...looo@...#
######
##########.#


You could see 3 orcs and a frilled lizard.

Vanquished Creatures
  Natasha (thrice) (D:2)
  4 adders
  4 gnolls (D:2)
  An ooze (D:2)
  2 worms (D:2)
  4 dart slugs
  2 leopard geckos
  A ball python (D:1)
  A giant cockroach (D:2)
  11 goblins
  7 hobgoblins
  3 jackals (D:1)
  5 kobolds
  A quokka (D:2)
  9 bats
  3 frilled lizards
  11 rats
72 creatures vanquished.

Vanquished Creatures (others)
  2 goblins (D:2)
  2 withered plants (D:3)
4 creatures vanquished.

Grand Total: 76 creatures vanquished

Notes
Turn   | Place    | Note
-------+----------+-------------------------------------------
     0 | D:1      | harcile the Hill Orc Fighter began the quest for the Orb.
     0 | D:1      | Reached XP level 1. HP: 19/19 MP: 1/1
    55 | D:1      | Reached XP level 2. HP: 26/27 MP: 2/2
   328 | D:1      | Reached XP level 3. HP: 27/33 MP: 3/3
  1030 | D:2      | Reached XP level 4. HP: 36/40 MP: 4/4
  1049 | D:2      | Reached skill level 4 in Shields
  1415 | D:2      | Noticed Natasha
  1586 | D:2      | Killed Natasha
  1648 | D:2      | Noticed Natasha
  1655 | D:2      | Killed Natasha
  1655 | D:2      | Reached XP level 5. HP: 12/46 MP: 5/5
  2195 | D:2      | Reached skill level 1 in Dodging
  2840 | D:2      | Noticed Natasha
  2845 | D:2      | Killed Natasha
  2907 | D:3      | Found a runed door.
  2908 | D:3      | Noticed ThePrince's ghost (amateur FoFi)
  3080 | D:3      | Reached XP level 6. HP: 47/52 MP: 6/6
  3150 | D:3      | Reached skill level 5 in Shields
  3415 | D:3      | Mangled by an orc

Skill      XL: |  1  2  3  4  5  6 |
---------------+-------------------+-----
Fighting       | 4 |  4.3
Long Blades    | 3 4 |  4.0
Shields        | 4 5 |  5.0
Dodging        | 1 |  1.0
Armour         | 4 |  4.2

Action                   |  1- 3 |  4- 6 || total
-------------------------+-------+-------++-------
Melee: Long sword        |   126 |   188 ||   314
  Use: Potion            |       |     3 ||     3
  Eat: Chunk             |     1 |     4 ||     5
       Ration            |       |     1 ||     1
Armor: Scale mail        |    62 |    51 ||   113
Dodge: Dodged            |    43 |    35 ||    78
Block: Shield            |    84 |   160 ||   244
       Reflection        |       |     7 ||     7
       Rpst.: Long sword |     9 |    13 ||    22
